Map: New Gettysburg LE

Players

Scarlett - Winner!

  • Race: Zerg Zerg

Nerchio

  • Race: Zerg Zerg

Event: 2016 WCS Summer Circuit Championship (DH Montreal)

VOD

Have the link to the VOD?

Description

Time

  • Played on: Aug. 13, 2016, 3:35 p.m.
  • Length: 22:55

All games in this series

Show
View Real Time Build Order
Export as new Build Order

Scarlett Zerg - Winner!

Build Orders: Hatch First 

Get SALT Encoding   

  12  0:00  Drone  
  13  0:12  Overlord  
  13  0:18  Drone  
  14  0:31  Drone x2  
  16  0:36  Drone  
  17  0:46  Drone  
  18  0:56  Hatchery  
  17  1:01  Extractor  
  16  1:11  Spawning Pool  
  15  1:14  Drone  
  15  1:18  Drone  
  17  1:22  Drone  
  18  1:29  Drone  
  19  1:39  Overlord  
  19  1:50  Drone  
  20  1:57  Queen  
  20  2:01  Metabolic Boost  
  22  2:04  Drone  
  22  2:08  Queen  
  23  2:10  Zergling x2  
  23  2:12  Drone  
  27  2:19  Drone  
  27  2:22  Drone  
  29  2:30  Zergling x2  
  29  2:33  Queen  
  29  2:34  Drone  
  33  2:40  Drone  
  33  2:43  Overlord  
  34  2:54  Hatchery  
  33  3:01  Zergling x4  
  35  3:07  Zergling x8  
  39  3:25  Zergling x10  
  44  3:30  Roach Warren  
  43  3:35  Overlord  
  43  3:40  Drone, Overlord  
  40  3:49  Drone x3  
  40  3:54  Overlord  
  43  4:03  Zergling x6  
  43  4:04  Queen  
  48  4:10  Roach x2  
  52  4:19  Roach x3  
  58  4:26  Roach  
  57  4:34  Drone x5  
  62  4:39  Drone x2  
  60  4:50  Drone x5  
  65  4:56  Overlord  
  65  4:58  Overlord  
  65  5:05  Overlord  
  65  5:10  Drone  
  65  5:12  Overlord  
  66  5:16  Drone x6  
  72  5:26  Extractor  
  72  5:28  Roach x5  
  80  5:37  Drone  
  80  5:40  Roach x3  
  80  5:41  Overlord  
  87  5:46  Overlord  
  87  5:47  Overlord  
  85  5:53  Roach  
  91  6:00  Zergling x8  
  96  6:04  Ravager  
  96  6:09  Ravager, Overlord  
  93  6:16  Overlord  
  93  6:19  Zergling x18  
  102  6:26  Ravager  
  103  6:36  Ravager  
  103  6:37  Zergling x14  
  111  6:44  Zergling x8  
  115  6:49  Zergling x10  
  115  6:50  Ravager  
  121  6:59  Zergling x10  
  124  7:15  Zergling x6  
  116  7:20  Zergling x2  
  116  7:21  Zergling x12  
  103  7:29  Zergling x2  
  93  7:30  Zergling x8  
  93  7:31  Lair  
  84  7:44  Roach  
  84  7:45  Roach x5  
  90  7:52  Evolution Chamber  
  80  7:59  Drone x7  
  84  8:11  Drone  
  84  8:12  Drone x3  
  81  8:18  Extractor  
  81  8:19  Extractor  
  77  8:21  Overlord  
  77  8:24  Drone x6  
  83  8:29  Hatchery  
  83  8:30  Roach  
  83  8:31  Roach x2  
  88  8:34  Zerg Missile Weapons Level 1  
  88  8:35  Glial Reconstitution  
  88  8:37  Overseer  
  88  8:43  Drone  
  89  8:50  Roach x4  
  97  9:02  Extractor, Overlord x6, Drone  
  97  9:03  Overlord  
  97  9:04  Roach  
  97  9:08  Roach  
  101  9:13  Roach x4  
  109  9:25  Roach x7  
  109  9:27  Ravager  
  124  9:32  Roach x2  
  126  9:41  Roach x4  
  134  9:52  Roach x8  
  150  9:59  Roach x3  
  156  10:08  Roach  
  156  10:09  Roach x3  
  164  10:16  Roach x6  
  176  10:23  Roach  
  176  10:24  Roach x3  
  186  10:35  Roach  
  186  10:36  Roach x5  
  196  10:47  Roach x2  
  199  10:50  Zerg Missile Weapons Level 2  
  199  10:53  Extractor  
  199  10:55  Queen  
  176  11:08  Roach  
  176  11:09  Queen, Roach x7  
  168  11:25  Tunneling Claws, Burrow  
  144  11:30  Drone x5  
  144  11:31  Spore Crawler  
  124  11:36  Roach  
  124  11:37  Roach x3  
  116  11:43  Roach x7  
  114  11:53  Spore Crawler  
  115  12:01  Roach x2  
  111  12:09  Roach  
  111  12:10  Roach x6  
  111  12:16  Queen x2  
  111  12:20  Roach  
  111  12:21  Roach x4  
  125  12:25  Roach x19  
  125  12:28  Queen  
  127  12:36  Queen  
  129  12:40  Roach x19  
  129  12:50  Roach x9  
  147  12:51  Queen  
  149  13:04  Roach x3  
  144  13:13  Roach x4  
  144  13:15  Roach x3  
  140  13:21  Roach x10  
  140  13:22  Roach x3  
  136  13:34  Drone  
  136  13:35  Drone x8  
  145  13:42  Roach  
  145  13:43  Roach  
  145  13:45  Roach x4  
  145  13:48  Roach x6  
  147  13:50  Roach x3  
  143  13:58  Drone x3  
  143  13:59  Roach x9, Infestation Pit  
  129  14:22  Drone x3  
  129  14:23  Drone  
  123  14:24  Drone x3  
  123  14:25  Drone x2  
  123  14:26  Drone, Extractor  
  123  14:27  Drone x3  
  123  14:29  Roach x3  
  123  14:30  Extractor  
  136  14:32  Roach  
  136  14:35  Ravager x6  
  136  14:37  Overseer  
  144  14:43  Pathogen Glands  
  144  14:49  Zerg Ground Armor Level 1, Spore Crawler  
  143  14:54  Overlord x2  
  143  14:56  Roach x2  
  147  15:07  Infestor  
  147  15:08  Infestor x2  
  147  15:09  Infestor  
  147  15:10  Infestor  
  157  15:19  Infestor  
  159  15:29  Infestor  
  161  15:36  Roach x4  
  161  15:37  Roach x4  
  171  16:09  Roach x8  
  187  16:14  Spore Crawler  
  187  16:15  Spore Crawler  
  185  16:21  Ravager x6  
  185  16:22  Ravager x2  
  193  16:31  Roach  
  191  16:42  Roach x5  
  191  17:30  Spire  
  186  17:52  Hatchery  
  185  18:02  Zerg Ground Armor Level 2  
  185  18:04  Drone x2  
  187  18:14  Roach x13  
  187  18:16  Roach  
  199  18:25  Spine Crawler  
  199  18:26  Spine Crawler  
  199  18:27  Spine Crawler  
  196  18:28  Spine Crawler  
  196  18:30  Spine Crawler x2  
  196  18:31  Spine Crawler  
  192  18:48  Zerg Flyer Weapons Level 1  
  182  19:02  Roach x8  
  180  19:03  Extractor  
  180  19:04  Drone x3  
  180  19:06  Drone x3, Extractor  
  183  19:37  Overseer  
  181  19:53  Mutalisk x8  
  181  19:54  Mutalisk  
  191  21:14  Mutalisk x11  
  175  21:24  Mutalisk  
  175  21:25  Mutalisk x14  
  196  21:33  Overseer  
  196  21:34  Extractor  
  196  21:37  Drone  
  196  21:38  Drone x6  
  200  21:41  Extractor  
  200  21:44  Mutalisk  
  163  22:03  Mutalisk x8  
  163  22:08  Infestor x3  
  160  22:19  Mutalisk x4  
Show
View Real Time Build Order
Export as new Build Order

Nerchio Zerg 

Build Orders: Hatch First 

Get SALT Encoding   

  12  0:00  Drone  
  13  0:13  Overlord  
  13  0:18  Drone  
  14  0:31  Drone x2  
  14  0:34  Drone  
  17  0:54  Hatchery  
  17  0:56  Drone  
  17  1:00  Drone  
  18  1:06  Extractor  
  17  1:16  Spawning Pool  
  16  1:18  Drone  
  16  1:22  Drone  
  18  1:28  Drone  
  19  1:39  Overlord  
  19  1:49  Drone  
  20  2:02  Queen  
  20  2:03  Zergling x2  
  20  2:05  Queen, Zergling x2  
  26  2:11  Metabolic Boost  
  26  2:15  Drone  
  27  2:18  Drone  
  27  2:22  Drone  
  29  2:30  Baneling Nest  
  29  2:31  Drone  
  29  2:34  Drone  
  30  2:52  Hatchery  
  30  2:56  Drone  
  30  2:57  Zergling x2  
  31  3:00  Drone  
  32  3:05  Overlord  
  32  3:10  Zergling x2  
  32  3:11  Zergling x2  
  34  3:15  Drone  
  35  3:23  Queen  
  35  3:25  Zergling x2  
  37  3:28  Baneling x2  
  37  3:30  Zergling x2  
  37  3:31  Zergling x2  
  39  3:34  Zergling x2  
  39  3:36  Zergling x2  
  40  3:43  Zergling x2  
  40  3:44  Zergling x4  
  40  3:47  Overlord  
  41  3:57  Roach Warren  
  41  4:02  Drone x3  
  43  4:09  Baneling x2  
  42  4:31  Overlord  
  39  4:36  Roach x7  
  39  4:37  Roach  
  54  4:41  Roach  
  55  4:47  Overlord  
  55  4:53  Roach  
  55  4:54  Roach  
  55  4:55  Roach  
  61  5:02  Overlord, Roach  
  63  5:10  Zergling x6  
  63  5:11  Zergling x2  
  63  5:14  Roach  
  69  5:18  Overlord  
  69  5:21  Drone  
  69  5:22  Drone  
  69  5:26  Drone  
  69  5:27  Drone  
  73  5:29  Drone  
  73  5:30  Drone  
  73  5:33  Drone  
  73  5:35  Drone  
  76  5:38  Drone  
  76  5:40  Drone  
  76  5:50  Drone x5  
  76  5:56  Lair  
  81  5:58  Extractor  
  81  5:59  Extractor  
  79  6:04  Overlord  
  79  6:06  Drone x2  
  79  6:07  Drone x2  
  83  6:12  Drone x3  
  83  6:14  Drone x2  
  83  6:18  Overlord  
  86  6:31  Roach x5  
  95  6:33  Roach  
  95  6:35  Overlord  
  95  6:38  Roach  
  99  6:40  Roach  
  99  6:44  Roach  
  99  6:45  Roach  
  105  6:47  Overlord  
  105  6:51  Overlord  
  105  6:53  Glial Reconstitution  
  105  6:57  Roach  
  105  7:00  Roach  
  109  7:02  Overlord  
  109  7:03  Zergling x2  
  109  7:05  Baneling  
  110  7:13  Roach x2  
  110  7:14  Roach  
  113  7:21  Roach x2  
  101  7:24  Roach  
  101  7:25  Zergling x2  
  101  7:27  Roach  
  101  7:28  Roach  
  99  7:31  Roach  
  99  7:34  Roach  
  99  7:35  Zergling x6  
  82  7:37  Roach  
  82  7:38  Zergling x4  
  82  7:42  Roach  
  83  7:44  Roach  
  83  7:47  Roach  
  83  7:51  Roach  
  79  7:54  Roach  
  79  7:58  Queen x2  
  77  8:04  Roach  
  73  8:07  Roach  
  73  8:12  Zergling x8  
  70  8:16  Roach  
  72  8:29  Drone x2  
  72  8:30  Drone x2  
  72  8:32  Drone  
  77  8:34  Drone  
  77  8:36  Drone  
  79  8:45  Extractor, Drone x2  
  79  8:47  Evolution Chamber, Drone  
  80  8:49  Drone x3  
  80  8:53  Drone  
  84  8:55  Drone  
  84  8:57  Spire  
  84  8:58  Extractor  
  84  8:59  Drone, Extractor  
  83  9:04  Drone  
  83  9:07  Drone x2  
  83  9:09  Drone  
  88  9:10  Drone  
  88  9:14  Roach x2  
  88  9:15  Zerg Missile Weapons Level 1  
  92  9:20  Roach x2  
  92  9:22  Hatchery  
  92  9:23  Roach  
  97  9:25  Roach  
  97  9:27  Roach  
  101  9:32  Roach x2  
  101  9:35  Roach  
  101  9:36  Roach  
  110  9:38  Roach  
  110  9:42  Roach x2  
  112  9:53  Roach x5  
  112  9:55  Roach  
  123  10:12  Mutalisk x5  
  133  10:16  Overlord  
  133  10:18  Overlord x2  
  133  10:21  Roach x2  
  137  10:23  Overlord  
  137  10:26  Overlord  
  137  10:29  Overlord  
  137  10:35  Roach x3  
  143  10:37  Roach  
  143  10:40  Roach  
  145  10:45  Roach x3  
  145  10:47  Roach  
  151  10:51  Roach x2  
  151  10:53  Roach  
  151  10:56  Roach  
  161  10:57  Roach  
  161  11:00  Roach  
  161  11:02  Roach  
  147  11:05  Roach x2  
  147  11:08  Roach  
  128  11:12  Roach  
  110  11:27  Drone  
  110  11:28  Drone x5  
  110  11:29  Drone  
  110  11:31  Drone  
  97  11:37  Drone  
  97  11:38  Drone  
  97  11:39  Drone  
  92  11:44  Drone x2  
  90  11:55  Roach Warren  
  90  11:57  Drone x2  
  88  12:07  Drone x5  
  87  12:10  Drone x2  
  87  12:15  Drone x3  
  89  12:17  Drone  
  89  12:19  Overseer  
  90  12:23  Drone x3  
  93  12:37  Roach x5  
  93  12:38  Roach  
  93  12:40  Roach  
  93  12:42  Roach  
  93  12:43  Roach  
  111  12:45  Roach  
  111  12:47  Roach  
  111  12:49  Roach  
  117  12:52  Roach  
  117  12:53  Roach  
  117  12:56  Roach  
  117  12:57  Roach  
  125  13:04  Roach  
  125  13:05  Roach  
  129  13:07  Roach x2  
  129  13:12  Roach  
  127  13:13  Roach  
  127  13:15  Roach x2  
  127  13:16  Overseer  
  127  13:18  Overseer  
  127  13:19  Overseer  
  121  13:22  Roach  
  109  13:27  Roach x2  
  111  13:36  Ravager  
  111  13:37  Ravager x7  
  111  13:40  Drone x3  
  119  13:46  Lair  
  112  13:58  Roach  
  112  13:59  Roach x2  
  118  14:03  Roach x2  
  118  14:07  Roach  
  118  14:09  Roach  
  123  14:12  Drone  
  115  14:21  Roach x2  
  115  14:22  Roach  
  119  14:26  Roach  
  119  14:27  Ravager  
  119  14:28  Ravager  
  119  14:31  Roach  
  125  14:35  Roach  
  127  14:39  Zerg Ground Armor Level 1  
  127  14:44  Roach x2  
  131  14:47  Drone x2  
  131  14:49  Drone  
  134  14:57  Roach x2  
  134  14:59  Roach  
  140  15:02  Roach  
  140  15:03  Roach  
  144  15:08  Queen  
  144  15:14  Roach x2  
  150  15:16  Roach  
  150  15:21  Roach  
  154  15:24  Roach x2  
  158  15:33  Overlord  
  158  15:35  Overlord  
  158  15:36  Roach  
  158  15:42  Ravager x2  
  163  15:43  Ravager  
  163  15:48  Roach x3  
  169  15:54  Roach  
  169  15:56  Roach  
  173  15:59  Roach  
  175  16:04  Roach  
  175  16:05  Queen  
  179  16:11  Roach  
  181  16:25  Roach  
  181  16:26  Hatchery, Roach  
  181  16:29  Roach  
  181  16:31  Roach  
  186  16:34  Roach  
  186  16:36  Roach  
  186  16:39  Roach  
  192  16:41  Queen  
  192  16:47  Roach  
  192  16:50  Roach  
  192  17:06  Roach x3  
  188  17:11  Roach x3  
  183  17:44  Roach Warren  
  183  17:49  Zerg Ground Armor Level 2  
  183  17:50  Drone x4  
  186  17:52  Drone x3  
  186  17:53  Overlord  
  186  17:56  Overlord  
  189  17:59  Overlord  
  189  18:00  Overlord  
  189  18:04  Hatchery  
  188  18:14  Pneumatized Carapace  
  188  18:23  Extractor  
  188  18:24  Extractor, Drone x2  
  188  18:25  Drone x4  
  185  18:56  Roach x7  
  199  19:04  Zerg Flyer Armor Level 1  
  193  20:39  Mutalisk  
  193  20:40  Mutalisk x2  
  199  21:09  Mutalisk x5  
  199  21:11  Mutalisk x2  
  175  21:12  Mutalisk  
  175  21:15  Mutalisk x18  
  165  21:19  Mutalisk  
  133  21:27  Mutalisk  
  125  21:34  Mutalisk  
  123  21:42  Mutalisk  
  112  22:01  Overseer  
  112  22:02  Overseer x2  
  99  22:16  Drone  
  99  22:17  Drone x3  
  96  22:27  Drone  
  97  22:34  Drone  
Tags
 
Add a new tag
Caveats
  • Supply blocks, unpowered buildings, or Contaminate may cause inaccurate times.
  • Supply counts are checked every 10 seconds.